 Dungeon Crawl Stone Soup version 0.30.1-11-g7821555f0a (webtiles) character file.

Game seed: 1854550800615911791

1472 porpoise the Trooper (level 9, -9/68 HPs)
             Began as a Djinni Earth Elementalist on Dec 16, 2023.
             Was an Initiate of Gozag.
             Mangled by an ice beast (18 damage)
             ... on level 6 of the Dungeon on Dec 17, 2023.
             The game lasted 00:24:23 (5792 turns).

porpoise the Trooper (Djinni Earth Elementalist)    Turns: 5792, Time: 00:24:24

Health: -9/68      AC:  3    Str:  7    XL:     9   Next: 6%
Gold:   549        EV: 11    Int: 28    God:    Gozag SH:  4 Dex: 11

rFire   + + .        a - +10 rapier of Sin {pain, rN+++ Int+3 Dex-5}
rCold   x . .        o - +1 buckler
rNeg    + + +        d - +0 robe
rPois   ∞            (no helmet)
rElec   .            r - +0 cloak
rCorr   .            (no gloves)
SInv    .            (boots unavailable)
Will    .....        (no amulet)
Stlth   ++           A - +6 ring of intelligence
HPRegen 0.31/turn    (no ring)
MPRegen 0.00/turn

%: infuse magic (-10 HP)
@: about to teleport, flying
A: sickness immunity, fire resistance 2, cold vulnerability 1, float, innate
caster, HP casting, extra vitality 1
a: Renounce Religion, Potion Petition, Call Merchant, Bribe Branch


You were on level 6 of the Dungeon.
You worshipped Gozag.
Gozag was pleased with you.
You visited 2 branches of the dungeon, and saw 8 of its levels.

You collected 589 gold pieces.
You paid 40 gold pieces to Gozag.

Inventory:

Hand Weapons
 a - the +10 rapier of Sin (weapon) {pain, rN+++ Int+3 Dex-5}
   (You found it on level 6 of the Dungeon)

   Int:       It affects your intelligence (+3).
   Dex:       It affects your dexterity (-5).
   rN:        It renders you almost immune to negative energy.
 b - a +0 sling
 e - a +2 short sword of protection
 I - a +0 dagger of venom
Missiles
 t - a boomerang (quivered)
 u - 7 poisoned darts
 E - 4 javelins
Armour
 d - a +0 robe (worn)
 o - a +1 buckler (worn)
 r - a +0 cloak (worn)
Magical Staves
 w - the staff of poison "Suosod" {Drain rPois rF++ rCorr Str-4}
   (You found it on level 3 of the Dungeon)

   [staff of poison]

   Your inability to study Poison Magic prevents you from drawing on the full
   power of this staff in melee.
   Base accuracy: +5 Base damage: 5 Base attack delay: 1.2 This weapon's minimum
   attack delay (0.6) is reached at skill level 12.
   Str:       It affects your strength (-4).
   rF:        It greatly protects you from fire.
   rPois:     It protects you from poison.
   rCorr:     It protects you from acid and corrosion.
   Drain:     It drains your maximum health when unequipped.
   It falls into the 'Staves' category.
   It is a one-handed weapon.
 B - a staff of poison
Jewellery
 A - a +6 ring of intelligence (left hand)
Wands
 m - a wand of acid (8)
 n - a wand of roots (11)
 H - a wand of mindburst (12)
Scrolls
 g - a scroll of teleportation
 j - a scroll of blinking
 l - a scroll of brand weapon {unknown}
 p - 3 scrolls of fog
 q - a scroll of poison
 s - a scroll of immolation {unknown}
 v - a scroll of vulnerability {unknown}
 y - a scroll of acquirement {unknown}
 z - a scroll of enchant armour
 C - a scroll of silence {unknown}
 G - a scroll of amnesia {unknown}
Potions
 c - 3 potions of haste
 f - a potion of heal wounds
 h - a potion of ambrosia
 i - a potion of brilliance
 k - a potion of curing
 x - a potion of cancellation {unknown}
 D - a potion of invisibility {unknown}


   Skills:
 + Level 7.5 Fighting
 - Level 2.1 Dodging
 - Level 1.5 Stealth
 + Level 0.9 Shields
 + Level 6.1 Spellcasting


You knew the following spells:

 Your Spells              Type           Power      Damage    Failure   Level
a - Sandblast             Erth           84%        2d18      1%          1
b - Searing Ray           Conj           84%        2d7       1%          2
c - Stone Arrow           Conj/Erth      84%        3d12      2%          3
d - Animate Dead          Necr           42%        N/A       9%          4
e - Necrotise             Necr           100%       1d9       1%          1
l - Lesser Beckoning      Tloc           84%        N/A       1%          2
t - Petrify               Tmut/Erth      42%        N/A       9%          4
w - Passwall              Tmut/Erth      35%        N/A       1%          2
Your spell library was empty.

Dungeon Overview and Level Annotations

Branches:
Dungeon (7/15)             Temple (1/1) D:4

Altars:
Ashenzari
Cheibriados
Dithmenos
Elyvilon
Fedhas
Gozag
Hepliaklqana
Makhleb
Nemelex Xobeh
Okawaru
Ru
Trog
Uskayaw
Xom
Yredelemnul
Zin

Shops:
D:1 *   D:3 :


Innate Abilities, Weirdness & Mutations

You are immune to sickness and miasma.
You are immune to poison.
Your flesh is very heat resistant. (rF++)
You are vulnerable to cold. (rC-)
You float through the air rather than walking.
You learn spells naturally, not from books.
Your magical power is your life essence.
You have superior vitality. (+4 MHP)


Message History

r - Retreat! s - Stop attacking. g - Guard the area. f - Follow me.
Anything else - Cancel.
You shout for attention!
The ice beast hits you.
* * * LOW HITPOINT WARNING * * *
The ice beast freezes you!
You feel a terrible chill!
* * * LOW HITPOINT WARNING * * *
What are your orders? t - Shout!
Orders for allies: a - Attack new target. r - Retreat! s - Stop attacking. g - Guard the area. f - Follow me.
Anything else - Cancel.
Okay, then.
The ice beast attacks as you move away!
The ice beast hits you but does no damage.
The ice beast attacks as you move away! You block the ice beast's attack.
Blink to where?
Press: ? - help, Dir - move target
As you read the scroll of blinking, it crumbles to dust.
There is a stone staircase leading up here.
You fly upwards.
There is a stone staircase leading down here.
You start resting.
HP restored.
You fly downwards.
The ice beast hits you. The ice beast freezes you!!
You feel a terrible chill! The ice beast hits you. The ice beast freezes you!
You feel a terrible chill!
There is a stone staircase leading up here.
The ice beast hits you. The ice beast freezes you!!
You feel a terrible chill!
* * * LOW HITPOINT WARNING * * *
You fly upwards.
There is a stone staircase leading down here.
As you read the scroll of teleportation, it crumbles to dust.
You feel strangely unstable. The ice beast hits you.
* * * LOW HITPOINT WARNING * * *
The ice beast freezes you!!
You feel a terrible chill!
You die...
Your body crumbles into a pile of gold.

#.....# #...###### #.###.#
##......... #.# #.####
#.......... #.###....#
#.......... #.#...##.#
#..........
#.#.#..#.######.####..
#.#....#.##...#.####..
#.###....##.#....#.... #.#
#@...........####.
#.###Y#...............
###.#.#.####........####
#..........#..####......
#.###.##.#.#..######..##
#........#........##....
##.####..#.#####......#.
######.#.....#.#......##.##.
#.........##.###.###........


You could see an ice beast.

Vanquished Creatures
  A water moccasin (D:5)
  2 ice beasts (D:5)
  2 ogres (D:4)
  4 centaurs
  A scorpion (D:5)
  A howler monkey (D:7)
  3 jellies
  2 hounds (D:5)
  3 orc wizards
  Natasha (thrice) (D:2)
  2 iguanas (D:5)
  7 gnolls
  9 adders
  A shadow imp (D:7)
  A white imp (D:6)
  5 worms
  2 dart slugs
  9 orcs
  5 endoplasms
  3 giant cockroaches (D:3)
  8 goblins
  8 hobgoblins
  3 quokkas (D:1)
  7 ball pythons
  2 bats
  A frilled lizard (D:2)
  7 kobolds
  4 rats
106 creatures vanquished.

Notes
Turn   | Place    | Note
-------+----------+-------------------------------------------
     0 | D:1      | porpoise the Djinni Earth Elementalist began the quest for
                  | the Orb.
     0 | D:1      | porpoise set off with the following spells memorised:
                  | Sandblast, Passwall, Stone Arrow, Petrify.
     0 | D:1      | Reached XP level 1. HP: 15/15 MP: 0/0
   102 | D:1      | Reached XP level 2. HP: 20/22 MP: 0/0
   139 | D:1      | Found Suclu's Assorted Antiques.
   172 | D:1      | Reached skill level 1 in Fighting
   504 | D:1      | Reached XP level 3. HP: 21/27 MP: 0/0
   504 | D:1      | Learned a level 1 spell: Necrotise
   723 | D:2      | Noticed Natasha
   728 | D:2      | Killed Natasha
   729 | D:2      | Reached skill level 2 in Fighting
   729 | D:2      | Reached XP level 4. HP: 33/34 MP: 0/0
   778 | D:2      | Noticed Natasha
   782 | D:2      | Killed Natasha
   861 | D:2      | Reached XP level 5. HP: 27/40 MP: 0/0
   861 | D:2      | Learned a level 2 spell: Searing Ray
   866 | D:2      | Reached skill level 3 in Fighting
  1008 | D:2      | Noticed Natasha
  1013 | D:2      | Killed Natasha
  1437 | D:3      | Found a faded altar of an unknown god.
  1477 | D:3      | Reached XP level 6. HP: 44/46 MP: 0/0
  1507 | D:3      | Identified the staff of poison "Suosod" {Drain rPois rF++
                  | rCorr Str-4}
  1630 | D:3      | Found Lyhuz's Book Emporium.
  1676 | D:3      | Found a shimmering altar of Xom.
  1799 | D:4      | Reached skill level 4 in Fighting
  1804 | D:4      | Reached XP level 7. HP: 7/53 MP: 0/0
  1804 | D:4      | Learned a level 2 spell: Lesser Beckoning
  2219 | D:4      | Reached skill level 5 in Fighting
  2383 | D:4      | Found a staircase to the Ecumenical Temple.
  2417 | Temple   | Entered the Ecumenical Temple
  2432 | Temple   | Became a worshipper of Gozag Ym Sagoz the Greedy
  2570 | D:4      | Found an iron altar of Okawaru.
  2793 | D:5      | Entered Level 5 of the Dungeon
  2820 | D:5      | Noticed a water moccasin
  2825 | D:5      | Killed a water moccasin
  2826 | D:5      | Reached skill level 5 in Spellcasting
  2826 | D:5      | Reached XP level 8. HP: 55/61 MP: 0/0
  2834 | D:5      | Reached skill level 6 in Fighting
  4178 | D:5      | Reached skill level 7 in Fighting
  4514 | D:6      | Found a burning altar of Makhleb.
  4756 | D:6      | Identified the +10 rapier of Sin {pain, rN+++ Int+3 Dex-5}
  5201 | D:7      | Reached XP level 9. HP: 56/68 MP: 0/0
  5201 | D:7      | Learned a level 4 spell: Animate Dead
  5792 | D:6      | Mangled by an ice beast

Illustrated notes

Levels and vault maps discovered:
D:1:      mrwooster_arrival_arrow, layout_rooms, serial_shops, shop
D:2:      layout_rooms, nicolae_grassy_gnolls, uniq_natasha
D:3:      layout_rooms, mainiacjoe_overflow_cross_hatched,
          chequers_ecumenical_altar_island, serial_shops,
          nicolae_book_shop_shelving, minmay_checkerbox
D:4:      layout_basic, okawaru_gym_becter, minmay_temple_entry_steel_oval,
          minmay_manual_mares
D:5:      minmay_spotlight, layout_basic
D:6:      lemuel_ice_spiral_2, layout_basic, mainiacjoe_overflow_catwalk
D:7:      layout_layer_cave, eino_jars
Temple:   minmay_freezing_vapour_temple

Skill      XL: |  1  2  3  4  5  6  7  8 |
---------------+-------------------------+-----
Fighting       | 1 2 3 4 5 7 |  7.5
Spellcasting   | 3 4 5 6 |  6.1
Dodging        | |  2.1
Stealth        | |  1.5
Shields        | |  0.9

Action                     |  1- 3 |  4- 6 |  7- 9 || total
---------------------------+-------+-------+-------++-------
  Melee: Unarmed           |     1 |       |       ||     1
         Dagger            |     6 |    13 |     5 ||    24
         Short sword       |       |       |     1 ||     1
         Rapier            |       |       |    12 ||    12
   Fire: Sling             |       |       |    71 ||    71
  Throw: Dart              |       |     6 |       ||     6
   Cast: Sandblast         |    41 |    58 |    79 ||   178
         Searing Ray       |       |     1 |     4 ||     5
         Stone Arrow       |       |       |     4 ||     4
    Use: Scroll            |       |     5 |     8 ||    13
         Potion            |       |     3 |     2 ||     5
   Stab: Sleeping          |     1 |       |       ||     1
 Armour: Robe              |     8 |    17 |    29 ||    54
  Dodge: Dodged            |    12 |    53 |    76 ||   141
  Block: Buckler           |       |       |     4 ||     4
